 Dungeon Crawl Stone Soup version 0.27-a0-681-g0c81a3c1c3 (webtiles) character file.

Game seed: 10710030281353319833

409 avis the Firebug (level 6, -3/36 HPs)
             Began as an Octopode Fire Elementalist on Mar 20, 2021.
             Slain by an orc
             ... wielding a +0 hand axe
              (8 damage)
             ... on level 4 of the Dungeon.
             The game lasted 00:25:06 (4496 turns).

avis the Firebug (Octopode Fire Elementalist)       Turns: 4496, Time: 00:25:06

Health: -3/36      AC:  1    Str:  7    XL:     6   Next: 89%
Magic:  3/12       EV: 17    Int: 19    God:
Gold:   155        SH:  0    Dex: 13    Spells: 5/13 levels left

rFire    . . .     SeeInvis .   a - +2 dagger (venom)
rCold    . . .     Faith    .   (no shield)
rNeg     . . .     Spirit   .   (helmet restricted)
rPois    .         Reflect  .   (no amulet)
rElec    .         Harm     .   p - +4 ring of evasion
rCorr    .         Rampage  .   (no ring)
Will     .....                  (no ring)
Stlth    +++.......             (no ring)
HPRegen  0.12/turn              (no ring)
MPRegen  0.13/turn              (no ring)
                                (no ring)
                                (no ring)

@: very slightly contaminated
A: almost no armour, amphibious, 8 rings, camouflage 1, gelatinous body 1,
nimble swimmer 1, tentacles
a: no special abilities


You were on level 4 of the Dungeon.
You visited 1 branch of the dungeon, and saw 4 of its levels.
You also visited: Sewer.

You collected 155 gold pieces.

Inventory:

Hand Weapons
 a - a +2 dagger of venom (weapon)
 v - a +0 hand crossbow
Missiles
 g - 57 stones
 l - 16 arrows
 r - 3 poisoned darts
Armour
 o - a +0 buckler
Magical Staves
 b - a staff of poison
Jewellery
 h - a ring of fire
 p - a +4 ring of evasion (left tentacle)
 u - a ring of positive energy
Wands
 x - a wand of iceblast (9)
Scrolls
 c - 2 scrolls of identify {unknown}
 f - 3 scrolls of magic mapping {unknown}
 i - 2 scrolls of teleportation {unknown}
 k - a scroll of blinking {unknown}
 n - a scroll of immolation {unknown}
 s - a scroll of random uselessness {unknown}
 t - a scroll of vulnerability {unknown}
Potions
 d - a potion of flight {unknown}
 e - 3 potions of curing
 j - 2 potions of haste {unknown}
 m - a potion of ambrosia {unknown}
 q - 2 potions of heal wounds {unknown}
 w - 2 potions of resistance {unknown}


   Skills:
 - Level 2.0 Dodging
 - Level 2.6 Stealth
 * Level 4.1 Spellcasting
 * Level 4.3 Conjurations
 + Level 4.4 Fire Magic


You had 5 spell levels left.
You knew the following spells:

 Your Spells              Type           Power      Damage    Failure   Level
a - Foxfire               Conj/Fire      80%        2x1d8     2%          1
b - Conjure Flame         Conj/Fire      20%        6-21      7%          3
k - Sticky Flame          Conj/Fire      20%        2d4       22%         4

Your spell library contained the following spells:

 Spells                   Type           Power      Damage    Failure   Level
 Inner Flame              Hex/Fire       12%        N/A       16%         3
 Fireball                 Conj/Fire      10%        3d6       52%         5


Dungeon Overview and Level Annotations

Branches:
Dungeon (4/15)              Sewer (visited)
 Temple: D:4-7

Altars:


Innate Abilities, Weirdness & Mutations

You cannot wear most types of armour.
You are amphibious.
You can wear up to eight rings at the same time.
Your skin changes colour to match your surroundings (Stealth+).
Your rubbery body absorbs attacks. (AC +1, EV +1)
You are stealthy while swimming. (Stealth+)
You have tentacles for arms and can constrict up to eight enemies at once.


Message History

It was a potion of curing.
You feel better.
Casting: Foxfire (safe; 2% risk of failure)
Confirm with . or Enter, or press ? or * to list all spells.
You conjure some foxfire!
The foxfire hits something.
The foxfire hits something.
Casting: Foxfire (safe; 2% risk of failure)
Confirm with . or Enter, or press ? or * to list all spells.
You conjure some foxfire!
You hear some strange, mumbled words.
The foxfire hits something but does no damage.
You miss something.
The foxfire hits something.
Reactivating autopickup.
You feel a bit more experienced.
Casting: Foxfire (safe; 2% risk of failure)
Confirm with . or Enter, or press ? or * to list all spells.
You conjure some foxfire!
The foxfire hits something but does no damage.
Deactivating autopickup; reactivate with Ctrl-A.
You closely miss something.
The foxfire hits something but does no damage.
You hit something but do no damage. You squeeze something.
The orc barely misses you. Something hits you.
You miss something. The orc misses you. Something hits you.
You closely miss something. The orc closely misses you. Something hits you.
You hit something but do no damage. The orc hits you with a +0 hand axe.
Something hits you!
You closely miss something. The orc closely misses you.
You hear some strange, mumbled words.
A magic dart appears from out of thin air!
The magic dart hits you!
* * * LOW HITPOINT WARNING * * *
Casting: Foxfire (safe; 2% risk of failure)
Confirm with . or Enter, or press ? or * to list all spells.
The spell is extremely dangerous to cast (22% risk of failure)!
Continue anyway?
Aiming: Sticky Flame (extremely dangerous; 22% risk of failure)
Press: ? - help, Shift-Dir - straight line You miscast Sticky Flame.
You are very lightly contaminated with residual magic.
Nothing appears to happen.
The orc hits you with a +0 hand axe!
You die...

#.##+# o#
#..... {#
#..... o#
#..... o#
#..... .#
#..... .#
#.....
#########.#
###..#
#.@oo.....#
##.#
##{######## #.#
#.#......# #..
#.#.####.# ##.
#........# #.
#.######.######
#. #........#
## #######..# #
#######..# #


You could see 2 orcs.

Vanquished Creatures
  Purgy (Sewer)
  A scorpion (D:4)
  A centaur skeleton (D:3)
  2 orc wizards (D:4)
  4 adders
  3 river rats (D:3)
  An ooze (D:3)
  9 worms
  2 leopard geckos
  7 orcs (D:3)
  A ball python (D:2)
  4 giant cockroaches
  12 goblins
  9 hobgoblins
  7 jackals
  2 quokkas
  11 bats
  4 frilled lizards
  5 kobolds
  10 rats
96 creatures vanquished.

Vanquished Creatures (others)
  240 foxfires
240 creatures vanquished.

Grand Total: 336 creatures vanquished

Notes
Turn   | Place    | Note
-------+----------+-------------------------------------------
     0 | D:1      | avis the Octopode Fire Elementalist began the quest for the
                  | Orb.
     0 | D:1      | Reached XP level 1. HP: 11/11 MP: 3/3
   180 | D:1      | Reached XP level 2. HP: 14/17 MP: 0/5
   605 | D:1      | Reached XP level 3. HP: 21/21 MP: 3/6
   877 | D:1      | Learned a level 3 spell: Conjure Flame
  1785 | D:2      | Found a faded altar of an unknown god.
  2052 | D:2      | Reached XP level 4. HP: 27/27 MP: 5/7
  2418 | D:2      | Learned a level 4 spell: Sticky Flame
  2819 | D:3      | Reached XP level 5. HP: 29/31 MP: 4/9
  2923 | D:3      | Found a glowing drain.
  2933 | Sewer    | Entered a sewer
  3100 | Sewer    | Noticed Purgy
  3112 | Sewer    | Killed Purgy
  3113 | Sewer    | Reached XP level 6. HP: 36/36 MP: 4/11
  4496 | D:4      | Slain by an orc

Illustrated notes

Levels and vault maps discovered:
D:1:      lemuel_arrival_room, layout_basic, minmay_liquid_box, hex_medium
D:2:      layout_loops_corners, chequers_ecumenical_altar_island,
          minmay_diced_spiral
D:3:      lemuel_upstairs_altar, layout_basic, lightli_sewer_entry_pipes
D:4:      layout_basic, grunt_temple_overflow_open, kennysheep_flooded_box,
          uniq_crazy_yiuf_cottage

Skill      XL: |  1  2  3  4  5  6 |
---------------+-------------------+-----
Conjurations   | 2 3 4 |  4.3
Spellcasting   | 3 4 |  4.1
Fire Magic     | 4 |  4.4
Dodging        | |  2.0
Stealth        | |  2.6

Action                   |  1- 3 |  4- 6 || total
-------------------------+-------+-------++-------
Melee: Dagger            |     3 |    20 ||    23
       Constrict         |     1 |     4 ||     5
       Tentacles         |     1 |     1 ||     2
 Cast: Foxfire           |    66 |   103 ||   169
       Sticky Flame      |       |     1 ||     1
  Use: Potion            |       |     1 ||     1
Armor: Skin              |     1 |     1 ||     2
Dodge: Dodged            |    12 |    18 ||    30

Table legend: (Time is in decaauts)
 A = Elapsed time spent in this place.
 B = Non-inter-level travel time spent in this place.
 C = Inter-level travel time spent in this place.
 D = Time resting spent in this place.
 E = Time spent auto-exploring this place.
 F = Levels seen in this place.
 G = Mean time per level.
                   A        B        C        D        E       F      G
               +--------+--------+--------+--------+--------+-----+--------+
         Total |   4501 |   4233 |    268 |   1490 |   1703 |   5 |  900.2 |
       Dungeon |   4224 |   3956 |    268 |   1342 |   1703 |   4 | 1056.0 |
         Sewer |    277 |    277 |      0 |    148 |      0 |   1 |  277.0 |
               +--------+--------+--------+--------+--------+-----+--------+

Top non-repeatable levels by time:
     D:2: 1358 daAuts
     D:1: 1222 daAuts
     D:3: 1216 daAuts
     D:4: 426 daAuts
   Sewer: 277 daAuts
